 Dungeon Crawl Stone Soup version 0.30-a0-1082-g70414cbcbb (webtiles) character file.

Game seed: 11234792419246426395

170 jimonade the Grasshopper (level 5, -2/41 HPs)
             Began as a Barachi Warper on Apr 15, 2023.
             Killed from afar by Ijyb (10 damage)
             ... with a puff of flame
             ... on level 3 of the Dungeon.
             The game lasted 00:05:03 (2535 turns).

jimonade the Grasshopper (Barachi Warper)           Turns: 2535, Time: 00:05:04

Health: -2/41      AC:  5    Str: 12    XL:     5   Next: 50%
Magic:  8/8        EV: 12    Int: 13    God:
Gold:   77         SH:  0    Dex: 14    Spells: 8/8 levels left

rFire   . . .      SeeInvis .    a - +0 falchion
rCold   . . .      Faith    .    (no shield)
rNeg    . . .      Spirit   .    s - +0 leather armour
rPois   .          Reflect  .    (no helmet)
rElec   .          Rampage  .    e - +0 cloak
rCorr   .                        i - +0 pair of gloves
Will    .....                    (no boots)
Stlth   +                        (no amulet)
HPRegen 0.26/turn                (no ring)
MPRegen 0.11/turn                (no ring)

@: unable to hop, slow
A: amphibious, slowness 1, strong legs 1, +LOS
a: Hop


You were on level 3 of the Dungeon.
You visited 1 branch of the dungeon, and saw 3 of its levels.

You collected 77 gold pieces.

Inventory:

Hand Weapons
 a - a +0 falchion (weapon)
 b - a +0 shortbow
 h - a +0 sling
 l - a +0 flail
 w - a +0 dagger of speed
Missiles
 d - 7 boomerangs of dispersal (quivered)
Armour
 e - a +0 cloak (worn)
 i - a +0 pair of gloves (worn)
 s - a +0 leather armour (worn)
Scrolls
 c - a scroll of blinking
 f - 4 scrolls of identify {unknown}
 m - 2 scrolls of teleportation {unknown}
 n - a scroll of fear {unknown}
 o - 2 scrolls of enchant armour {unknown}
 p - 2 scrolls of enchant weapon {unknown}
 r - a scroll of magic mapping {unknown}
 v - a scroll of amnesia {unknown}
Potions
 g - 4 potions of curing {unknown}
 j - 2 potions of brilliance {unknown}
 k - 2 potions of heal wounds {unknown}
 q - a potion of degeneration {unknown}
 t - a potion of lignification {unknown}
 u - 2 potions of flight {unknown}


   Skills:
 + Level 3.1 Fighting
 + Level 3.6 Long Blades
 + Level 0.3 Ranged Weapons
 + Level 1.0 Throwing
 + Level 2.4 Armour
 + Level 2.9 Dodging
 + Level 0.5 Stealth
 + Level 2.3 Spellcasting
 * Level 4.7 Translocations


You had 8 spell levels left.
You didn't know any spells.
Your spell library contained the following spells:

 Spells                   Type           Power      Damage    Failure   Level
 Blink                    Tloc           26%        N/A       7%          2
 Lesser Beckoning         Tloc           26%        N/A       7%          2
 Teleport Other           Tloc           13%        N/A       14%         3
 Vhi's Electric Charge    Tloc/Air       14%        N/A       34%         3
 Manifold Assault         Tloc           13%        N/A       41%         4


Dungeon Overview and Level Annotations

Branches:
Dungeon (3/15)

Altars:

Annotations:
D:3 Ijyb


Innate Abilities, Weirdness & Mutations

You are amphibious.
You cover ground slowly.
You can hop short distances.
You have an extended range of vision and can be seen from far away.


Message History

Found a whip.
You see here a +0 whip.
There is an escape hatch in the floor here.
Ijyb is nearby!
Ijyb shouts!
Hop to where?
Press: ? - help, Dir - move target Boing!
You closely miss Ijyb. Ijyb hits you with a +0 dagger.
You hit Ijyb but do no damage. Ijyb screams, "I no like you!"
Ijyb zaps a wand.
The puff of flame hits you.
You hit Ijyb.
Ijyb is lightly wounded.
Ijyb hits you with a +0 dagger.
You hit Ijyb but do no damage.
Ijyb is lightly wounded.
Ijyb hits you but does no damage.
You hit Ijyb.
Ijyb is moderately wounded.
Ijyb hits you with a +0 dagger.
You closely miss Ijyb.
Ijyb is moderately wounded.
Ijyb barely misses you. The bat hits you but does no damage.
Ijyb hits you with a +0 dagger.
You closely miss Ijyb.
Ijyb is lightly wounded.
The bat hits you but does no damage. Ijyb barely misses you.
You completely miss Ijyb.
Ijyb is lightly wounded.
The bat barely misses you.
Ijyb zaps a wand.
The puff of flame hits you!
You hit Ijyb.
Ijyb is moderately wounded.
The bat hits you but does no damage.
Ijyb zaps a wand.
The puff of flame hits you!
* * * LOW HITPOINT WARNING * * *
You barely miss Ijyb.
Ijyb is moderately wounded.
The bat misses you.
Ijyb zaps a wand.
The puff of flame hits you!
You die...

##### #...# ## ###...###
.##############.@.....#
.)..............g....>##
)######...........b....#
# .# #..########..(##.#
# .# #..# #...# .# #
.######..# ##.## # #.
.........# #.....# #.#
......#.## #.....# #.
..###.#.# #..?..... ..#


You could see Ijyb and a bat.

Vanquished Creatures
  A bullfrog (D:3)
  4 gnolls
  2 adders
  5 ball pythons
  5 endoplasms (D:1)
  2 giant cockroaches
  10 goblins
  4 hobgoblins
  5 quokkas
  2 bats
  3 frilled lizards
  2 kobolds
  5 rats
50 creatures vanquished.

Notes
Turn   | Place    | Note
-------+----------+-------------------------------------------
     0 | D:1      | jimonade the Barachi Warper began the quest for the Orb.
     0 | D:1      | Reached XP level 1. HP: 17/17 MP: 3/3
    61 | D:1      | Reached XP level 2. HP: 23/23 MP: 5/5
   112 | D:1      | Found a faded altar of an unknown god.
   199 | D:1      | Reached skill level 4 in Translocations
   303 | D:1      | Reached XP level 3. HP: 22/28 MP: 6/6
  1516 | D:3      | Noticed Ijyb
  1599 | D:3      | Reached XP level 4. HP: 30/34 MP: 7/7
  1639 | D:3      | Noticed a bullfrog
  1666 | D:3      | Killed a bullfrog
  1667 | D:3      | Reached XP level 5. HP: 7/41 MP: 8/8
  2535 | D:3      | Killed from afar by Ijyb

Illustrated notes

Levels and vault maps discovered:
D:1:      amcnicky_arrival_feature_with_door, layout_basic,
          basic_ecumenical_altar, minmay_misc_feat_plants
D:2:      layout_loops_ring
D:3:      layout_loops_ring, uniq_ijyb

Skill      XL: |  1  2  3  4 |
---------------+-------------+-----
Translocations | 4 |  4.7
Fighting       | 3 |  3.1
Long Blades    | 3 |  3.6
Armour         | 2 |  2.4
Ranged Weapons | |  0.3
Throwing       | |  1.0
Dodging        | |  2.9
Stealth        | |  0.5
Spellcasting   | |  2.3

Action                     |  1- 3 |  4- 6 || total
---------------------------+-------+-------++-------
  Melee: Falchion          |   106 |    77 ||   183
   Fire: Shortbow          |       |     2 ||     2
Ability: Hop               |       |     2 ||     2
    Use: Scroll            |       |     1 ||     1
 Armour: Leather armour    |    36 |    32 ||    68
  Dodge: Dodged            |    78 |    70 ||   148

Table legend: (Time is in decaauts)
 A = Elapsed time spent in this place.
 B = Non-inter-level travel time spent in this place.
 C = Inter-level travel time spent in this place.
 D = Time resting spent in this place.
 E = Time spent auto-exploring this place.
 F = Levels seen in this place.
 G = Mean time per level.
                   A        B        C        D        E       F      G
               +--------+--------+--------+--------+--------+-----+--------+
         Total |   2935 |   2833 |    102 |    275 |   1572 |   3 |  978.3 |
       Dungeon |   2935 |   2833 |    102 |    275 |   1572 |   3 |  978.3 |
               +--------+--------+--------+--------+--------+-----+--------+

Top non-repeatable levels by time:
     D:3: 1035 daAuts
     D:1: 975 daAuts
     D:2: 924 daAuts
